 Dungeon Crawl Stone Soup version 0.14.0-12-g87ee3b7 (webtiles) character file.

1172 Sabsy the Skirmisher (level 8, 0/51 HPs)
             Began as a Gargoyle Chaos Knight on Apr 15, 2014.
             Was a Plaything of Xom.
             Slain by an ogre
             ... wielding a +0,+0 giant spiked club
              (18 damage)
             ... on Level 5 of the Dungeon.
             The game lasted 00:16:35 (3647 turns).

Sabsy the Skirmisher (Gargoyle Chaos Knight)        Turns: 3647, Time: 00:16:35

HP   0/51        AC 10     Str 18      XL: 8   Next:  9%
MP   0/8         EV 12     Int 13      God: Xom
Gold 256         SH  0     Dex  9      Spells:  0 memorised,  7 levels left

rFire  + . .     SeeInvis .     a - +0,+1 falchion (chaos)
rCold  + . .     Clarity  .     g - +2 leather armour {rC+}
rNeg   + . .     Conserve .     (no shield)
rPois  +         rCorr    .     (no helmet)
rElec  +         rRot     +     (no cloak)
SustAb . .       Spirit   +     (no gloves)
rMut   .         Warding  .     (no boots)
Saprov . . .     Stasis   .     v - amulet of guardian spirit
MR     .....                    u - ring of protection from fire
                                m - ring of flight

@: very slightly contaminated, not resistant to hostile enchantments, very
unstealthy
A: life protection 1, electricity resistance, unbreathing, petrification
resistance, AC +5
a: Renounce Religion, Evoke Flight


You were on level 5 of the Dungeon.
You worshipped Xom.
You were a toy of Xom.
You were not hungry.

You visited 2 branches of the dungeon, and saw 6 of its levels.

You collected 256 gold pieces.

Inventory:

Hand weapons
 a - a +0,+1 falchion of chaos (weapon)
Missiles
 s - 5 tomahawks of returning (quivered)
Armour
 f - a +2 chain mail of fire resistance
 g - a +2 leather armour of cold resistance (worn)
Magical devices
 i - a wand of digging (8)
 r - a wand of heal wounds (4)
 w - a wand of flame (6)
 y - a wand of slowing (9)
Comestibles
 c - 5 bread rations
 x - a meat ration
Scrolls
 e - 2 scrolls of recharging
 h - 2 scrolls of identify
 l - 4 scrolls of remove curse
 p - 2 scrolls of fog
 q - 3 scrolls of teleportation {unknown}
 t - 2 scrolls of enchant weapon I {unknown}
 z - a scroll of enchant armour {unknown}
Jewellery
 m - a ring of flight (left hand)
 u - a ring of protection from fire (right hand)
 v - an amulet of guardian spirit (around neck)
Potions
 d - a potion of restore abilities
 j - a potion of might {unknown}
 k - 4 potions of curing {unknown}
 o - a potion of cure mutation {unknown}
 A - a potion of beneficial mutation {unknown}
Books
 n - a book of Party Tricks

   Spells                             Type                      Level
   Summon Butterflies                 Summoning                    1
   Apportation                        Translocation                1
   Blink                              Translocation                2
   Alistair's Intoxication            Transmutation/Poison         4
   Tukima's Dance                     Hexes                        5
Miscellaneous
 b - a plain deck of dungeons {drawn: 3}


   Skills:
 + Level 5.9 Fighting
 + Level 4.6 Long Blades
 + Level 5.5 Armour
 + Level 3.6 Dodging


You had 7 spell levels left.
You didn't know any spells.

Dungeon Overview and Level Annotations

Branches:
Dungeon (5/15)             Temple (1/1) D:4

Altars:
Cheibriados
Elyvilon
Fedhas
Kikubaaqudgha
Makhleb
Nemelex Xobeh
Sif Muna
Trog
Xom
Zin
The Shining One


Innate Abilities, Weirdness & Mutations

You are resistant to torment.
You are immune to poison.
You are immune to rotting.
Your stone body is very resilient (AC +5).
You resist negative energy.
You are resistant to electric shocks.
You can survive without breathing.
You are immune to petrification.


Message History

A - a gluggy blue potion You now have 256 gold pieces (gained 7).
Found a scroll labeled CLAERU RUVVYFOPS.
An ogre comes into view. It is wielding a giant spiked club.
The ogre closely misses you.
Found a sling.
You barely miss the ogre. The ogre barely misses you.
You hit the ogre. You freeze the ogre.
The ogre is lightly wounded.
The ogre hits you with a giant spiked club!
You barely miss the ogre.
The ogre is lightly wounded.
You hit the ogre but do no damage. Strange energies run through your body.
The ogre is lightly wounded.
The ogre hits you but does no damage.
You slash the ogre! You burn the ogre.
The ogre is moderately wounded.
The ogre hits you with a giant spiked club!
You die...
Xom thinks this is hilarious!

##..........## ##............##
##..............##
##................##
#.................?#
#..................#
###..................######
#.'..................+....#
#.'............@.....+....#
#%#.............O....#....#
#.#).................#....#
#.#..................#....# #
#.##................##....######
#..##..............##.....'.....
##..##............##......######
##..##.. ......####'##### ##..##
).# #..####


You could see an ogre.

Vanquished Creatures
  Edmund (D:4)
  A water moccasin (D:5)
  An ice beast (D:5)
  An ogre (D:4)
  A centaur (D:5)
  A scorpion (D:5)
  A hound (D:4)
  An orc priest (D:4)
  A giant frog skeleton (D:4)
  3 orc wizards
  A worker ant (D:4)
  6 adders
  An inept feature mimic (D:5)
  2 giant mites
  3 worms
  2 adder zombies (D:5)
  A giant gecko (D:3)
  4 oozes
  14 orcs
  A bat skeleton (D:4)
  3 giant cockroaches
  11 goblins
  9 hobgoblins
  9 jackals
  3 quokkas
  A ball python (D:2)
  5 bats
  5 giant newts
  8 kobolds
  14 rats
  A rat skeleton (D:5)
116 creatures vanquished.

Vanquished Creatures (collateral kills)
  A worm (D:4)
  A hobgoblin (D:4)
2 creatures vanquished.

Vanquished Creatures (others)
  A worker ant (D:4)
  A giant mite zombie (D:3)
2 creatures vanquished.

Grand Total: 120 creatures vanquished

Notes
Turn   | Place    | Note
--------------------------------------------------------------
     0 | D:1      | Sabsy, the Gargoyle Chaos Knight, began the quest for the Orb.
     0 | D:1      | Reached XP level 1. HP: 14/14 MP: 1/1
   203 | D:1      | Reached skill level 1 in Dodging
   301 | D:1      | Reached XP level 2. HP: 16/19 MP: 2/2
   375 | D:1      | XOM: harmless Summ miscast
   529 | D:1      | XOM: colour smoke trail
   790 | D:2      | Reached XP level 3. HP: 20/23 MP: 3/3
   793 | D:2      | XOM: silly message
   868 | D:2      | XOM: divination: magic mapping
   907 | D:2      | XOM: silly message
  1354 | D:3      | Reached XP level 4. HP: 29/29 MP: 4/4
  1377 | D:3      | Reached skill level 4 in Fighting
  1699 | D:3      | Reached XP level 5. HP: 26/33 MP: 5/5
  2383 | D:3      | XOM: god gift: 5 tomahawks of returning
  2436 | D:4      | Reached XP level 6. HP: 33/39 MP: 6/6
  2564 | D:4      | XOM: cast spell 'Discord'
  2573 | D:4      | XOM: confuse monster(s)
  2607 | D:4      | XOM: god gift: plain deck of cards {god gift}
  2632 | D:4      | Reached skill level 5 in Fighting
  2682 | D:4      | XOM: 6-stop teleportation journey
  2687 | D:4      | Found a staircase to the Ecumenical Temple.
  2687 | D:4      | Noticed Edmund
  2692 | D:4      | XOM: confuse monster(s)
  2702 | D:4      | XOM: cast spell 'Blink'
  2709 | D:4      | Killed Edmund
  2709 | D:4      | Reached XP level 7. HP: 33/44 MP: 2/7
  2790 | Temple   | Entered the Ecumenical Temple
  3002 | D:4      | Reached skill level 5 in Armour
  3071 | D:5      | Entered Level 5 of the Dungeon
  3124 | D:5      | XOM: divination: detect creatures
  3495 | D:5      | Found a glowing golden altar of the Shining One.
  3495 | D:5      | Found a glowing silver altar of Zin.
  3496 | D:5      | Found a white marble altar of Elyvilon.
  3566 | D:5      | XOM: potion effect (invisibility)
  3579 | D:5      | Reached XP level 8. HP: 36/51 MP: 6/8
  3647 | D:5      | Slain by an ogre

Action                   |  1- 3 |  4- 6 |  7- 9 || total
-------------------------+-------+-------+-------++-------
Melee: Falchion          |   142 |   251 |   127 ||   520
Evoke: Wand              |       |     2 |     1 ||     3
       Deck              |       |     3 |       ||     3
  Use: Scroll            |     5 |     2 |     1 ||     8
       Potion            |       |     1 |       ||     1
 Stab: Confused          |       |     1 |       ||     1
       Invisible         |       |       |     3 ||     3
       Paralysed         |       |       |     1 ||     1
